 Dungeon Crawl Stone Soup version 0.29-a0-582-ge82337ba6a (webtiles) character file.

Game seed: 2869006283630754030

156 inmateoo the Ruffian (level 5, -15/42 HPs)
             Began as a Minotaur Transmuter on June 14, 2022.
             Demolished by an ogre
             ... wielding a +0 giant club
              (27 damage)
             ... on level 4 of the Dungeon.
             The game lasted 00:06:53 (3492 turns).

inmateoo the Ruffian (Minotaur Transmuter)          Turns: 3492, Time: 00:06:54

Health: -15/42     AC:  6    Str: 15    XL:     5   Next: 15%
Magic:  5/6        EV: 10    Int: 18    God:
Gold:   45         SH:  5    Dex: 10    Spells: 1/7 levels left

rFire   + . .      SeeInvis +     - Unarmed
rCold   . . .      Faith    .   (no shield)
rNeg    . . .      Spirit   .   i - +0 scale mail
rPois   .          Reflect  +   (helmet currently unavailable)
rElec   +          Harm     .   (no cloak)
rCorr   .          Rampage  .   (no gloves)
Will    .....                   (boots currently unavailable)
Stlth   ..........              m - amulet of Haodeun {Reflect rElec Regen+ SH+5 SInv Stlth-}
HPRegen 0.94/turn               d - +6 ring of intelligence
MPRegen 0.10/turn               o - ring of protection from fire

@: appendages
A: talons 2, horns 2, retaliatory headbutt
a: End Transformation


You were on level 4 of the Dungeon.
You had temporarily grown beastly talons.
You visited 1 branch of the dungeon, and saw 4 of its levels.

You collected 132 gold pieces.
You spent 87 gold pieces at shops.

Inventory:

Missiles
 j - 5 boomerangs
 p - 4 poisoned darts (quivered)
Armour
 a - a +1 robe
 h - a +0 chain mail
 i - a +0 scale mail (worn)
 k - a +1 pair of boots (melded)
Jewellery
 d - a +6 ring of intelligence (left hand)
 m - the amulet of Haodeun (around neck) {Reflect rElec Regen+ SH+5 SInv Stlth-}
   (You acquired it on level 4 of the Dungeon)

   [amulet of reflection]

   It reflects blocked missile attacks.
   rElec:     It insulates you from electricity.
   SInv:      It lets you see invisible.
   Regen:     It increases your rate of health regeneration.
   SH:        It affects your SH (+5).
   Stlth:     It makes you less stealthy.
 o - a ring of protection from fire (right hand)
Scrolls
 c - 2 scrolls of teleportation
 f - a scroll of enchant armour
 g - 2 scrolls of immolation
 l - a scroll of enchant weapon
 r - a scroll of fog
Potions
 b - a potion of lignification
 e - 3 potions of heal wounds
 n - a potion of might


   Skills:
 + Level 2.7 Fighting
 + Level 0.4 Throwing
 + Level 2.2 Armour
 + Level 3.0 Dodging
 + Level 3.9 Unarmed Combat
 + Level 1.8 Spellcasting
 + Level 2.1 Transmutations
 + Level 0.4 Poison Magic


You had one spell level left.
You knew the following spells:

 Your Spells              Type           Power      Damage    Failure   Level
a - Beastly Appendage     Tmut           18%        N/A       30%         1
b - Wereblood             Tmut           9%         N/A       41%         2
c - Spider Form           Tmut/Pois      6%         N/A       77%         3

Your spell library contained the following spells:

 Spells                   Type           Power      Damage    Failure   Level
 Ice Form                 Ice/Tmut       5%         N/A       99%         4


Dungeon Overview and Level Annotations

Branches:
Dungeon (4/15)
 Temple: D:4-7

Altars:
Fedhas

Shops:
D:2 ***(   D:3 (

Annotations:
D:4 1 transporter


Innate Abilities, Weirdness & Mutations

You have temporarily grown beastly talons.
You have a pair of horns on your head.
You reflexively headbutt those who attack you in melee.


Message History

You hit the goblin.
You kill the goblin!
You now have 45 gold pieces (gained 7).
Things that are here:
a +0 dagger; a goblin corpse; a hound corpse No reachable target in view!
You start resting.
Your talons disappear.
Your +1 pair of boots unmelds from your body.
Found 12 gold pieces.
You see here a jackal corpse.
An ogre comes into view. It is wielding a +0 giant club.
The ogre shouts!
The shadow imp shouts!
The shadow imp laughs crazily.
Okay, then.
Casting: Beastly Appendage (safe; 30% risk of failure)
Confirm with . or Enter, or press ? or * to list all spells.
Your feet morph into talons.
Your +1 pair of boots melds into your body.
The ogre barely misses you.
You hit the ogre. You claw the ogre.
The ogre is lightly wounded.
The ogre hits you with a +0 giant club!!
Ouch! That really hurt!
You hit the ogre but do no damage. You claw the ogre. You punch the ogre.
The ogre is heavily wounded.
You barely miss the ogre. You claw the ogre, but do no damage.
You headbutt the ogre.
The ogre is severely wounded.
The ogre hits you with a +0 giant club.
* * * LOW HITPOINT WARNING * * *
You barely miss the ogre. You claw the ogre.
The ogre is severely wounded.
You barely miss the ogre.
You headbutt the ogre, but do no damage.
The ogre is severely wounded.
The ogre hits you with a +0 giant club!!
Ouch! That really hurt!
You die...

≈≈♣≈≈.#.....# ####.. #.
≈≈≈≈≈.#...#.##........#.
.≈...≈5#.....)...... #.
5≈.$.≈o#.....##..... #.
###+####...#.# ###. #.
≈..=..≈#.††#.# #.
8P$©$P8#...#.# # #.
########.O.#.# #.##
...©....@#..O# #.##
.....#####.<.... #...
..... ##.##... ..####.
##. .# .. #...... .# .
.###.. .# ##. #. #. #.


You could see an ogre, an orc priest and a shadow imp.

Vanquished Creatures
  A hound (D:4)
  Terence (D:2)
  4 adders
  A worm (D:3)
  A dart slug (D:2)
  A ball python (D:1)
  5 endoplasms
  3 giant cockroaches
  6 goblins
  5 hobgoblins
  10 jackals
  3 quokkas
  6 bats
  A frilled lizard (D:1)
  5 kobolds
  2 rats
55 creatures vanquished.

Vanquished Creatures (others)
  3 plants (D:2)
3 creatures vanquished.

Grand Total: 58 creatures vanquished

Notes
Turn   | Place    | Note
-------+----------+-------------------------------------------
     0 | D:1      | inmateoo the Minotaur Transmuter began the quest for the
                  | Orb.
     0 | D:1      | Reached XP level 1. HP: 16/16 MP: 1/1
   496 | D:1      | Reached XP level 2. HP: 23/23 MP: 0/3
   603 | D:1      | Found a faded altar of an unknown god.
   790 | D:1      | Learned a level 2 spell: Wereblood
   889 | D:2      | Reached skill level 1 in Armour
   985 | D:2      | Found Zoquapna's Assorted Antiques.
   993 | D:2      | Bought a fuming brown potion for 27 gold pieces
  1000 | D:2      | Found a blossoming altar of Fedhas.
  1010 | D:2      | Reached XP level 3. HP: 26/29 MP: 1/4
  1391 | D:2      | Found Serro's Weapon Emporium.
  1406 | D:2      | Noticed Terence
  1428 | D:2      | Killed Terence
  1706 | D:2      | Reached XP level 4. HP: 36/36 MP: 3/5
  2018 | D:2      | Found Ebroareca's General Store.
  2023 | D:2      | Found Pylustro's Assorted Antiques.
  2038 | D:2      | Bought a scroll labelled VINAYTZ TOAREPP for 30 gold pieces
  2242 | D:3      | Learned a level 3 spell: Spider Form
  2417 | D:3      | Found Dippamy's Weapon Shoppe.
  3204 | D:2      | Bought a scroll labelled JOOCEA JEODGH for 30 gold pieces
  3368 | D:4      | Identified a scroll of acquirement
  3368 | D:4      | Acquired the amulet of Haodeun {Reflect rElec Regen+ SH+5
                  | SInv Stlth-}
  3433 | D:4      | Found a transporter.
  3463 | D:4      | Reached XP level 5. HP: 42/42 MP: 4/6
  3482 | D:4      | Noticed an ogre
  3492 | D:4      | Demolished by an ogre

Illustrated notes

Levels and vault maps discovered:
D:1:      giann_wishing_wells, layout_rooms,
          ebering_ecumenical_altar_sacrificial
D:2:      layout_rooms, serial_shops, nicolae_shop_window_shopping,
          nicolae_shop_overgrown_old_shop, shop, shop, basic_altar,
          amcnicky_mini_corridor_feature, uniq_terence
D:3:      layout_basic, serial_shops, nicolae_shop_advertising_works
          [nicolae_subvault_shop_adworks], minivault_4
D:4:      gammafunk_wand_slinger, layout_rooms

Skill      XL: |  1  2  3  4 |
---------------+-------------+-----
Armour         | 1 2 |  2.2
Fighting       | 2 |  2.7
Transmutations | 2 |  2.1
Dodging        | 3 |  3.0
Throwing       | |  0.4
Unarmed Combat | |  3.9
Spellcasting   | |  1.8
Poison Magic   | |  0.4

Action                   |  1- 3 |  4- 6 || total
-------------------------+-------+-------++-------
Melee: Unarmed           |    89 |    81 ||   170
       Kick              |    20 |     5 ||    25
       Headbutt          |    12 |     8 ||    20
       Punch             |     6 |     1 ||     7
 Cast: Beastly Appendage |     9 |     2 ||    11
  Use: Scroll            |     5 |    10 ||    15
Armor: Robe              |    19 |       ||    19
       Scale mail        |    11 |    39 ||    50
Dodge: Dodged            |    50 |    46 ||    96
Block: Other             |       |     3 ||     3

Table legend: (Time is in decaauts)
 A = Elapsed time spent in this place.
 B = Non-inter-level travel time spent in this place.
 C = Inter-level travel time spent in this place.
 D = Time resting spent in this place.
 E = Time spent auto-exploring this place.
 F = Levels seen in this place.
 G = Mean time per level.
                   A        B        C        D        E       F      G
               +--------+--------+--------+--------+--------+-----+--------+
         Total |   3482 |   3267 |    215 |   1315 |   1316 |   4 |  870.5 |
       Dungeon |   3482 |   3267 |    215 |   1315 |   1316 |   4 |  870.5 |
               +--------+--------+--------+--------+--------+-----+--------+

Top non-repeatable levels by time:
     D:2: 1223 daAuts
     D:1: 1123 daAuts
     D:3: 957 daAuts
     D:4: 179 daAuts
